 Dungeon Crawl Stone Soup version 0.30-a0-358-g0d69a1922f (webtiles) character file.

Game seed: 1625985643239763476

70 koil the Vexing (level 4, -3/32 HPs)
             Began as a Vampire Enchanter on Nov 10, 2022.
             Killed from afar by Natasha (9 damage)
             ... with a magic dart
             ... on level 2 of the Dungeon.
             The game lasted 00:04:03 (1190 turns).

koil the Vexing (Vampire Enchanter)                 Turns: 1190, Time: 00:04:04

Health: -3/32      AC:  2    Str:  7    XL:     4   Next: 3%
Magic:  1/7        EV: 12    Int: 19    God:
Gold:   77         SH:  0    Dex: 14    Spells: 2/7 levels left

rFire   . . .      SeeInvis +    a - +1 dagger
rCold   . . .      Faith    .    (no shield)
rNeg    . . .      Spirit   .    b - +0 robe
rPois   .          Reflect  .    (no helmet)
rElec   .          Harm     .    (no cloak)
rCorr   .          Rampage  .    (no gloves)
Will    .....                    (no boots)
Stlth   +++.......               (no amulet)
HPRegen 0.45/turn                (no ring)
MPRegen 0.10/turn                (no ring)

@: healing quickly, slowed, very slow
A: alive, fangs 3, see invisible, vampiric 2
a: Exsanguinate


You were on level 2 of the Dungeon.
You visited 1 branch of the dungeon, and saw 2 of its levels.

You collected 77 gold pieces.

Inventory:

Hand Weapons
 a - a +1 dagger (weapon)
Armour
 b - a +0 robe (worn)
Jewellery
 e - an amulet of faith
Scrolls
 d - 4 scrolls of identify {unknown}
 f - a scroll of butterflies {unknown}
 g - a scroll of magic mapping {unknown}
 i - a scroll of teleportation {unknown}
Potions
 c - 2 potions of invisibility
 h - a potion of mutation {unknown}
 j - a potion of heal wounds {unknown}
 k - a potion of curing {unknown}


   Skills:
 + Level 1.1 Fighting
 + Level 1.9 Short Blades
 + Level 2.7 Dodging
 + Level 5.0 Stealth
 + Level 2.3 Spellcasting
 + Level 5.1 Hexes
 + Level 0.0 Ice Magic


You had 2 spell levels left.
You knew the following spells:

 Your Spells              Type           Power      Damage    Failure   Level
a - Ensorcelled Hibernat  Hex/Ice        24%        N/A       9%          2
b - Confusing Touch       Hex            21%        N/A       6%          3

Your spell library contained the following spells:

 Spells                   Type           Power      Damage    Failure   Level
 Freeze                   Ice            8%         1d3       16%         1
 Tukima's Dance           Hex            21%        N/A       6%          3
 Dazzling Flash           Conj/Hex       24%        N/A       17%         3
 Frozen Ramparts          Ice            4%         1d1       43%         3
 Hailstorm                Conj/Ice       2%         3d3       43%         3
 Kindle Blastsparks       Fire/Tloc/Air  4%         2d10      43%         3
 Fulminant Prism          Conj/Hex       6%         3d7       50%         4
 Iskenderun's Mystic Bla  Conj/Tloc      2%         2d3       85%         4
 Lee's Rapid Deconstruct  Erth           1%         3d4*      99%         5


Dungeon Overview and Level Annotations

Branches:
Dungeon (2/15)

Altars:

Annotations:
D:2 Natasha, Sigmund


Innate Abilities, Weirdness & Mutations

Your natural rate of healing is accelerated.
You have razor-sharp teeth.
You have supernaturally acute eyesight. (SInv)
You are afflicted with vampirism and can become a bat while bloodless.


Message History

Confirm with . or Enter, or press ? or * to list all spells.
Aiming: Ensorcelled Hibernation (safe; 9% risk of failure)
Press: ? - help, Shift-Dir - straight line, f/p - Natasha
Aim: Natasha (chance to affect: 46%) Natasha resists with some effort.
Natasha claws you.
Casting: Ensorcelled Hibernation (safe; 9% risk of failure)
Confirm with . or Enter, or press ? or * to list all spells.
Aiming: Ensorcelled Hibernation (safe; 9% risk of failure)
Press: ? - help, Shift-Dir - straight line, f/p - Natasha
Aim: Natasha (chance to affect: 46%) Natasha resists with some effort.
Natasha claws you!
Casting: Ensorcelled Hibernation (safe; 9% risk of failure)
Confirm with . or Enter, or press ? or * to list all spells.
You don't have enough magic to cast this spell.
Unknown command.
Casting: Ensorcelled Hibernation (safe; 9% risk of failure)
Confirm with . or Enter, or press ? or * to list all spells.
You don't have enough magic to cast this spell.
Unknown command.
You hit Natasha.
Natasha is moderately wounded.
Natasha stares at you and mumbles some strange words.
You feel yourself slow down.
You hit Natasha.
Natasha is heavily wounded.
Natasha claws you. Natasha barely misses you.
You barely miss Natasha. You bite Natasha, but do no damage.
Natasha is heavily wounded.
Natasha claws you.
You hit Natasha but do no damage.
Natasha is heavily wounded.
Natasha barely misses you.
You closely miss Natasha.
Natasha is heavily wounded.
Natasha casts a spell at you. The magic dart hits you.
* * * LOW HITPOINT WARNING * * *
Natasha casts a spell at you. The magic dart hits you!
You die...

....<..@....#.#.............
..#######..#....##..†.......
..# #....#..####..........
#.#####.#.....#.............
........#####.#.##########..
.#..(.....#...#.#####
.#.....##.#..<..#...
.#.....'..#######h#
.#.....###......@.#
.#.....###.########
.#.....'...# .#.....#####
.####### .# .# .# .#


You could see Natasha.

Vanquished Creatures
  Natasha (D:2)
  2 adders (D:2)
  A worm (D:2)
  A dart slug (D:2)
  4 bats
  An endoplasm (D:1)
  2 giant cockroaches (D:1)
  2 goblins (D:1)
  A hobgoblin (D:1)
  3 kobolds
  2 quokkas (D:1)
  A ball python (D:1)
  3 frilled lizards
  2 rats (D:1)
26 creatures vanquished.

Notes
Turn   | Place    | Note
-------+----------+-------------------------------------------
     0 | D:1      | koil the Vampire Enchanter began the quest for the Orb.
     0 | D:1      | Reached XP level 1. HP: 13/13 MP: 3/3
   124 | D:1      | Reached XP level 2. HP: 18/20 MP: 5/5
   127 | D:1      | Learned a level 2 spell: Ensorcelled Hibernation
   873 | D:2      | Gained mutation: You are afflicted with vampirism and can
                  | become a bat while bloodless. [Vampire growth]
   873 | D:2      | Reached XP level 3. HP: 25/25 MP: 6/6
   877 | D:2      | Learned a level 3 spell: Confusing Touch
   890 | D:2      | Noticed Sigmund
   996 | D:2      | Reached skill level 5 in Hexes
  1004 | D:2      | Noticed Natasha
  1012 | D:2      | Killed Natasha
  1013 | D:2      | Reached skill level 1 in Fighting
  1080 | D:2      | Reached skill level 5 in Stealth
  1080 | D:2      | Reached XP level 4. HP: 32/32 MP: 4/7
  1182 | D:2      | Noticed Natasha
  1190 | D:2      | HP: 6/32 [Natasha/magic dart (6)]
  1190 | D:2      | Killed from afar by Natasha

Illustrated notes

Levels and vault maps discovered:
D:1:      dpeg_arrival_houses_and_road, layout_basic
D:2:      layout_basic, basic_ecumenical_altar, minmay_tromino_i4, uniq_natasha,
          uniq_sigmund

Skill      XL: |  1  2  3 |
---------------+----------+-----
Hexes          | 5 |  5.1
Fighting       | 1 |  1.1
Stealth        | 5 |  5.0
Short Blades   | |  1.9
Dodging        | |  2.7
Spellcasting   | |  2.3

Action                   |  1- 3 |  4- 6 || total
-------------------------+-------+-------++-------
Melee: Dagger            |    62 |     8 ||    70
       Bite              |     2 |     1 ||     3
 Cast: Ensorcelled Hiber |     5 |     3 ||     8
 Stab: Sleeping          |    15 |       ||    15
Armor: Robe              |     3 |     2 ||     5
Dodge: Dodged            |    35 |     6 ||    41

Table legend: (Time is in decaauts)
 A = Elapsed time spent in this place.
 B = Non-inter-level travel time spent in this place.
 C = Inter-level travel time spent in this place.
 D = Time resting spent in this place.
 E = Time spent auto-exploring this place.
 F = Levels seen in this place.
 G = Mean time per level.
                   A        B        C        D        E       F      G
               +--------+--------+--------+--------+--------+-----+--------+
         Total |   1186 |   1146 |     40 |     27 |    895 |   2 |  593.0 |
       Dungeon |   1186 |   1146 |     40 |     27 |    895 |   2 |  593.0 |
               +--------+--------+--------+--------+--------+-----+--------+

Top non-repeatable levels by time:
     D:1: 913 daAuts
     D:2: 273 daAuts
